 Dungeon Crawl Stone Soup version 0.29.0-5-ge4962eb29e (webtiles) character file.

Game seed: 16235191945391613616

1 Goaboa the Grave Robber (level 1, -2/14 HPs)
             Began as a Hill Orc Necromancer on Aug 29, 2022.
             Slain by a jackal (3 damage)
             ... on level 1 of the Dungeon.
             The game lasted 00:00:41 (31 turns).

Goaboa the Grave Robber (Hill Orc Necromancer)        Turns: 31, Time: 00:00:42

Health: -2/14      AC:  2    Str: 10    XL:     1   Next: 20%
Magic:  0/3        EV: 12    Int: 15    God:
Gold:   0          SH:  0    Dex: 11    Spells: 2/3 levels left

rFire   . . .      SeeInvis .   (no weapon)
rCold   . . .      Faith    .   (no shield)
rNeg    . . .      Spirit   .   a - +0 robe
rPois   .          Reflect  .   (no helmet)
rElec   .          Harm     .   (no cloak)
rCorr   .          Rampage  .   (no gloves)
Will    .....                   (no boots)
Stlth   ++........              (no amulet)
HPRegen 0.04/turn               (no ring)
MPRegen 0.08/turn               (no ring)

@: no status effects
A: no striking features
a: no special abilities


You were on level 1 of the Dungeon.
You visited 1 branch of the dungeon, and saw 1 of its levels.

Inventory:

Armour
 a - a +0 robe (worn)
Potions
 b - a potion of magic


   Skills:
 + Level 0.1 Fighting
 + Level 0.1 Armour
 - Level 1.5 Dodging
 - Level 1.5 Stealth
 + Level 1.5 Spellcasting
 + Level 4.0 Necromancy


You had 2 spell levels left.
You knew the following spells:

 Your Spells              Type           Power      Damage    Failure   Level
a - Necrotise             Necr           52%        1d6       4%          1

Your spell library contained the following spells:

 Spells                   Type           Power      Damage    Failure   Level
 Vampiric Draining        Necr           13%        2d6       14%         3
 Animate Dead             Necr           13%        N/A       41%         4
 Agony                    Necr           13%        N/A       77%         5


Dungeon Overview and Level Annotations

Branches:
Dungeon (1/15)

Altars:


Message History

The jackal barely misses you. The jackal bites you. x3
You miss the jackal. Your punch misses the jackal.
The jackal is severely wounded.
The jackal barely misses you. The jackal closely misses you.
You hit the jackal.
The jackal is almost dead.
The jackal closely misses you. The jackal barely misses you.
You hit the jackal but do no damage. You punch the jackal, but do no damage.
The jackal is almost dead.
The jackal bites you. The jackal closely misses you.
The jackal barely misses you. The jackal bites you.
* * * LOW HITPOINT WARNING * * *
You closely miss the jackal.
The jackal is almost dead.
The jackal bites you but does no damage.
The jackal bites you.
* * * LOW HITPOINT WARNING * * *
You hit the jackal.
You kill the jackal!
The jackal misses you. The jackal closely misses you.
The jackal barely misses you.
You see here a jackal corpse.
You hit the jackal but do no damage. The jackal misses you.
The jackal bites you.
* * * LOW HITPOINT WARNING * * *
Aiming: Necrotise (safe; 4% risk of failure)
Press: ? - help, Q - select action Shift-Dir - straight line, f - jackal
Aim: a jackal (chance to affect: 83%)
The jackal writhes in agony.
The jackal closely misses you.
You don't have enough magic to cast this spell.
The jackal bites you but does no damage.
You barely miss the jackal.
The jackal is moderately wounded.
The jackal barely misses you.
You closely miss the jackal.
The jackal is moderately wounded.
The jackal bites you but does no damage.
The jackal attacks as you move away! The jackal bites you.
You die...

#. ##.# # ##.##
###...#...####
###...####.............
.#..~..#.....#.......##
....~....~..8#........#
~..~~~..~...##........#
.~~~~~~~.....##.....#
~~~...~~~~....##...#
~~..<..~~~~~.!†h@.#
~~~...~~~~....#...$...#
.~~~~~~~.....##...#####
~..~~~..~...####.##
....~....~..8# #.#
.#..~..#.....# #.#
###...####... #.# ##.##
### ...


You could see a jackal.

Vanquished Creatures
  A jackal (D:1)
1 creature vanquished.

Notes
Turn   | Place    | Note
-------+----------+-------------------------------------------
     0 | D:1      | Goaboa the Hill Orc Necromancer began the quest for the
                  | Orb.
     0 | D:1      | Reached XP level 1. HP: 14/14 MP: 3/3
    31 | D:1      | Slain by a jackal

Illustrated notes

Levels and vault maps discovered:
D:1:      eino_arrival_water_star, layout_loops_ring,
          dreamdust_ecumenical_altar_drowned_temple, minmay_fountain_box,
          amcnicky_mini_rare_corridor_liquid

Action                   || total
-------------------------++-------
Melee: Unarmed           ||    10
       Punch             ||     1
 Cast: Necrotise         ||     4
Armor: Robe              ||     4
Dodge: Dodged            ||    13
